 Dungeon Crawl Stone Soup version 0.24-a0-201-gf205589 (webtiles) character file.

Game seed: 6972655456702054367

164 Borgoz the Sneak (level 5, -3/41 HPs)
             Began as a Ghoul Assassin on Mar 24, 2019.
             Slain by an iguana (12 damage)
             ... on level 3 of the Dungeon.
             The game lasted 00:07:14 (2554 turns).

Borgoz the Sneak (Ghoul Assassin)                   Turns: 2554, Time: 00:07:15

Health: -3/41      AC: 13    Str: 19      XL:     5   Next: 45%
Magic:  4/4        EV: 11    Int:  7      God:
Gold:   132        SH:  0    Dex:  7 (10) Spells: 4/4 levels left

rFire    . . .     SeeInvis .   a - +1 dagger (protect)
rCold    + . .     Gourm    .   (no shield)
rNeg     + + +     Faith    .   r - +0 ring mail
rPois    ∞         Spirit   .   (no helmet)
rElec    .         Reflect  .   d - +0 cloak
rCorr    .         Harm     .   (no gloves)
MR       .....                  (no boots)
Stlth    ++........             (no amulet)
HPRegen  0.00/turn              o - +4 ring of strength
MPRegen  0.09/turn              (no ring)

@: protection aura, rotting
A: rotting body, claws 1, carnivore, cold resistance 1, negative energy
resistance 3, inhibited regeneration, torment resistance, unbreathing
a: no special abilities


You were on level 3 of the Dungeon.
You were not hungry.

You visited 1 branch of the dungeon, and saw 4 of its levels.

You collected 132 gold pieces.

Inventory:

Hand Weapons
 a - a +1 dagger of protection (weapon)
 b - a +0 blowgun
 q - a +2 dagger
Missiles
 e - 8 poisoned needles
 f - 2 curare-tipped needles
 p - 2 tomahawks (quivered)
Armour
 d - a +0 cloak (worn)
 r - a +0 ring mail (worn)
Jewellery
 o - a +4 ring of strength (left claw)
Wands
 c - a wand of polymorph (3)
Scrolls
 i - a scroll of remove curse
Potions
 l - 2 potions of curing
 u - 2 potions of haste
 z - a potion of heal wounds
 A - a potion of brilliance
Comestibles
 g - 5 rations
 h - a chunk of flesh


   Skills:
 - Level 2.1 Fighting
 + Level 3.2 Short Blades
 - Level 1.7 Throwing
 + Level 2.4 Armour
 + Level 2.6 Dodging
 - Level 4.3 Stealth


You had 4 spell levels left.
You didn't know any spells.
Your spell library was empty.

Dungeon Overview and Level Annotations

Branches:
Dungeon (4/15)
 Temple: D:4-7

Altars:
Dithmenos
Elyvilon
Gozag
Kikubaaqudgha
Nemelex Xobeh
Ru
Trog
Uskayaw
Vehumet
Wu Jian
Xom
Yredelemnul

Annotations:
D:3 3 runed translucent doors, Borgoz's ghost, amateur DDFi


Innate Abilities, Weirdness & Mutations

Your body is rotting away.
You thrive on raw meat.
You are immune to poison.
You have sharp fingernails.
You are carnivorous and can eat meat at any time.
Your flesh is cold resistant. (rC+)
You are immune to negative energy. (rN+++)
You do not regenerate when monsters are visible.
You are immune to unholy pain and torment.
You can survive without breathing.


Message History

You hit the iguana but do no damage.
The iguana is heavily wounded.
The iguana bites you.
You hit the iguana but do no damage.
The iguana is heavily wounded.
The iguana closely misses you.
You hit the iguana but do no damage.
The iguana is heavily wounded.
The iguana bites you.
* * * LOW HITPOINT WARNING * * *
You hit the iguana.
The iguana is severely wounded.
The iguana closely misses you.
You hit the iguana but do no damage.
The iguana is severely wounded.
You hit the iguana but do no damage.
The iguana is severely wounded.
The iguana hisses menacingly.
The iguana bites you!
You die...

#.......##...#..#.#..+.###.#.#
#.#####......#.!....S+.......#
#.# #.##...#.(#.#.S+.###.###
#.# #.###..#...#...#.###.####
#.# #.####.#[......#.##...≈..
#.#####....#.#########.##.≈≈.≈≈
#.....<................##.≈≈≈≈≈
#.#...####.#..l##......##≈≈≈≈≈≈
#.#...# #....@..........≈.≈≈≈≈
#.##..######...##......##≈.≈≈≈≈
#.#..<..# ##.##....<..##≈≈≈≈≈≈
#.#.....# #.##..##.#.##..≈≈≈.
#.#.....#####.##..#......≈≈≈≈≈≈
#......................#.≈≈≈≈≈≈
###.....#.######.#.....#...≈≈≈≈
#.....#.# #.#.#.#.#..≈...≈
#.#.#.#.# #.#.#.#.#.≈....≈


You could see an iguana and a ball python (wandering).

Vanquished Creatures
  Natasha (thrice) (D:2)
  3 adders
  A worm (D:2)
  2 dart slugs
  2 leopard geckos
  A ball python (D:2)
  7 bats
  A giant cockroach (D:1)
  6 goblins
  5 hobgoblins
  6 jackals
  3 frilled lizards
  9 kobolds
  7 rats
56 creatures vanquished.

Notes
Turn   | Place    | Note
-------+----------+-------------------------------------------
     0 | D:1      | Borgoz the Ghoul Assassin began the quest for the Orb.
     0 | D:1      | Reached XP level 1. HP: 17/17 MP: 0/0
   130 | D:1      | Reached skill level 1 in Dodging
   247 | D:1      | Reached XP level 2. HP: 24/24 MP: 1/1
   456 | D:1      | Reached skill level 1 in Armour
   535 | D:1      | Reached XP level 3. HP: 29/29 MP: 2/2
  1086 | D:2      | Found a basalt altar of Yredelemnul.
  1288 | D:2      | Noticed Natasha
  1316 | D:2      | Killed Natasha
  1316 | D:2      | Reached XP level 4. HP: 23/36 MP: 3/3
  1395 | D:2      | Noticed Natasha
  1414 | D:2      | Killed Natasha
  1621 | D:2      | Found a sparkling altar of Nemelex Xobeh.
  1657 | D:2      | Found a bloodstained altar of Trog.
  1659 | D:2      | Found an ancient bone altar of Kikubaaqudgha.
  1659 | D:2      | Found a hide-covered altar of Uskayaw.
  1659 | D:2      | Found a shimmering altar of Xom.
  1659 | D:2      | Found a white marble altar of Elyvilon.
  1660 | D:2      | Found a radiant altar of Vehumet.
  1661 | D:2      | Found an opulent altar of Gozag.
  1662 | D:2      | Found a shadowy altar of Dithmenos.
  1663 | D:2      | Found a sacrificial altar of Ru.
  1664 | D:2      | Found an ornate altar of the Wu Jian Council.
  1742 | D:2      | Noticed Natasha
  1770 | D:2      | Killed Natasha
  1770 | D:2      | Reached XP level 5. HP: 41/41 MP: 4/4
  1851 | D:3      | Found a runed translucent gate.
  1851 | D:3      | Found a runed translucent gate.
  1852 | D:3      | Found a runed translucent gate.
  1854 | D:3      | Noticed Borgoz's ghost (amateur DDFi)
  1988 | D:3      | Found a faded altar of an unknown god.
  2554 | D:3      | Slain by an iguana

Levels and vault maps discovered:
D:1:      tarquinn_simple_flora_water_f, layout_basic, minmay_pentomino_p4
D:2:      layout_basic, minitemple, nicolae_overflow_hidden_temple,
          first_ration, uniq_natasha
D:3:      layout_loops_ring, gammafunk_ghost_split,
          chequers_ecumenical_altar_island
D:4:      lemuel_upstairs_altar, layout_basic, tso_metal_star

Skill      XL: |  1  2  3  4 |
---------------+-------------+-----
Dodging        | 1 2 |  2.6
Short Blades   | 2 3 |  3.2
Armour         | 1 2 |  2.4
Fighting       | |  2.1
Throwing       | |  1.7
Stealth        | |  4.3

Action                   |  1- 3 |  4- 6 || total
-------------------------+-------+-------++-------
Melee: Dagger            |   118 |   196 ||   314
  Use: Potion            |     4 |     2 ||     6
       Scroll            |       |    11 ||    11
 Stab: Sleeping          |     6 |     1 ||     7
  Eat: Chunk             |     4 |     6 ||    10
Armor: Robe              |    18 |       ||    18
       Ring mail         |    12 |    87 ||    99
Dodge: Dodged            |    84 |   107 ||   191

Table legend:
 A = Non-vault XP
 B = Vault XP
 C = Vault XP percentage of total XP
 D = Non-vault monster count
 E = Vault monster count
 F = Vault count percentage of total count
                 A         B        C        D         E       F
            +---------+---------+-------+---------+---------+-------
      Total |     195 |      40 |  17.0 |      52 |       4 |   7.1
            +---------+---------+-------+---------+---------+-------
        D:1 |      32 |       4 |  11.1 |      16 |       3 |  15.8
        D:2 |     134 |      36 |  21.2 |      25 |       1 |   3.8
        D:3 |      29 |       0 |   0.0 |      11 |       0 |   0.0
            +---------+---------+-------+---------+---------+-------
